AoeStats
← Iamak3186

Arabia

504313344Analyzed
1v1 RM · 28d ago on Sep 4, 2026· 49m 11s· 2 players
Game mode
Random Map
Map size
Tiny (2 player)
Population
200
Speed
Normal
Resources
Standard
Victory
Conquest
Starting age
Dark Age
Ending age
Imperial Age
RankedLock teamsTeams togetherTeam positionsShared explorationLock speedFull tech treeHidden civsTurbo modeCheats
Victory
Defeat
🇪🇸 Magyars · Spain
1283
+15
🇮🇳 Mongols · India
1266
-15
Iamak3186
5:23 Loom
7:48 Feudal Age
8:38 Double-Bit Axe
16:26 Horse Collar
17:33 Wheelbarrow
20:21 Castle Age
19:43 Fletching
20:04 Bloodlines
21:24 Bow Saw
21:30 Husbandry
21:57 Bodkin Arrow
23:53 Padded Archer Armor
24:57 Ballistics
25:51 Town Watch
26:46 Gold Mining
28:15 Heavy Plow
33:19 Leather Archer Armor
35:12 Light Cavalry
36:46 Scale Barding Armor
40:17 Imperial Age
40:28 Imperial Age
40:04 Forging
41:31 Chain Barding Armor
43:38 Bracer
lucantemp
6:58 Loom
9:46 Feudal Age
9:53 Man-at-Arms
15:21 Wheelbarrow
20:56 Castle Age
19:52 Gold Mining
19:44 Horse Collar
19:51 Double-Bit Axe
21:31 Fletching
22:07 Bow Saw
22:36 Bodkin Arrow
22:42 Padded Archer Armor
24:06 Bloodlines
27:18 Leather Archer Armor
26:33 Elite Skirmisher
28:25 Husbandry
29:36 Ballistics
32:28 Stone Mining
35:53 Hand Cart
41:36 Imperial Age
39:08 Town Watch
42:33 Bracer
42:41 Thumb Ring
44:05 Chemistry
46:38 Parthian Tactics
46:26 Scale Barding Armor
Connection lost

Rejoining the realm…

Still unreachable

The connection could not be restored.

Session expired

The server has moved on; the page needs a fresh start.